 Dungeon Crawl Stone Soup version 0.18.1-47-g9310371 (webtiles) character file.

109 thrashmonkey the Digger (level 4, 0/24 HPs)
             Began as a Gargoyle Earth Elementalist on June 19, 2016.
             Slain by Natasha (3 damage)
             ... on level 1 of the Dungeon.
             The game lasted 00:13:12 (2757 turns).

thrashmonkey the Digger (GrEE)                      Turns: 2757, Time: 00:13:13

Health: 0/24       AC:  6    Str: 12    XL:     4   Next: 89%
Magic:  5/10       EV: 12    Int: 16    God:
Gold:   52         SH:  0    Dex: 10    Spells: 2 memorised, 7 levels left

rFire  . . .     SeeInvis .     b - 53 stones
rCold  . . .     Gourm    .     g - +0 robe
rNeg   + . .     Faith    .     (no shield)
rPois  ∞         Spirit   .     n - +0 helmet
rElec  +         Dismiss  .     (no cloak)
rCorr  .         Reflect  .     (no gloves)
SustAt .         Harm     .     (no boots)
MR     .....                    (no amulet)
Stlth  ++........               (no ring)
                                (no ring)

@: slowed, very slow, not resistant to hostile enchantments, unstealthy
A: negative energy resistance 1, electricity resistance, unbreathing,
petrification resistance, rot immunity, AC +3
a: no special abilities


You were on level 1 of the Dungeon.
You were not hungry.

You visited 1 branch of the dungeon, and saw 2 of its levels.

You collected 52 gold pieces.

Inventory:

Hand Weapons
 a - a +0 club
Missiles
 b - 53 stones (in hand)
Armour
 g - a +0 robe (worn)
 n - a +0 helmet (worn)
Scrolls
 e - a scroll of enchant armour {unknown}
 j - a scroll of fear {unknown}
 m - a scroll of recharging {unknown}
 o - a scroll of noise {unknown}
 p - 2 scrolls of teleportation {unknown}
Potions
 f - 2 potions of degeneration {unknown}
 h - a potion of flight {unknown}
 i - a potion of cure mutation {unknown}
 l - 2 potions of haste {unknown}
Books
 c - a book of Geomancy

   Spells                             Type                      Level
   a - Sandblast                      Earth                        1
   b - Passwall                       Transmutation/Earth          2
   c - Stone Arrow                    Conjuration/Earth            3
   d - Petrify                        Transmutation/Earth          4
   e - Lee's Rapid Deconstruction     Earth                        5
Comestibles
 d - a bread ration
 k - a slice of pizza
 q - a meat ration
 r - a beef jerky
 s - 4 chunks of flesh


   Skills:
 - Level 1.5 Dodging
 - Level 2.1 Stealth
 * Level 4.0 Spellcasting
 + Level 0.0 Conjurations
   Level 0.7 Transmutations
 + Level 4.6 Earth Magic


You had 7 spell levels left.
You knew the following spells:

 Your Spells              Type           Power        Failure   Level  Hunger
a - Sandblast             Erth           ###...       2%          1    None
b - Stone Arrow           Conj/Erth      ##....       21%         3    ###....


Dungeon Overview and Level Annotations

Branches:
Dungeon (2/15)

Altars:

Annotations:
D:1 Natasha


Innate Abilities, Weirdness & Mutations

You are resistant to torment.
Your stone body is resilient (AC +3).
You are immune to poison.
You resist negative energy.
You are resistant to electric shocks.
You can survive without breathing.
You are immune to petrification.
You are immune to rotting.


Message History

b - 55 stones (in hand) Natasha claws you!
Casting: Sandblast
Confirm with . or Enter, or press ? or * to list all spells.
Aiming: Sandblast
Press: ? - help, Shift-Dir - straight line, f/p - Natasha
Aim: Natasha (heavily wounded)
The rocky blast misses Natasha.
Natasha claws you.
* * * LOW HITPOINT WARNING * * *
Casting: Sandblast
Confirm with . or Enter, or press ? or * to list all spells.
Aiming: Sandblast
Press: ? - help, Shift-Dir - straight line, f/p - Natasha
Aim: Natasha (heavily wounded)
The rocky blast hits Natasha.
Natasha is almost dead.
Natasha claws you.
* * * LOW HITPOINT WARNING * * *
Natasha claws you.
You die...

#.#.#.#.##............#
.#.#.#.###.###.####...#
####### ....##.# #.#
#.# #...# #.....#
###.##g# #.###.#
##...####.....# #.##.#
#b....# #.............#
#.##.###.###.#
##......#.....#
#.##.....# #.#
##.###>#.....#
#.######.###.#####.#
#.##..### #.#
#.....h@....# #.##.##
#.# ###.##.######
#.##.# ##.## #.##.#
#.##.# ##...### #.##.#
#.##.# #......# #.##.#
#.##.# .#.....#
#.##.#### #.##.#
.#.[...# #.##.##.##
#.##.# .#.....#
#.##.#...####.##.#
#......#
#...(.........##.#


You could see Natasha.

Vanquished Creatures
  Robin (D:1)
  3 adders (D:2)
  An ooze (D:2)
  2 dart slugs
  2 giant geckos (D:1)
  A ball python (D:2)
  7 bats
  5 giant cockroaches
  14 goblins
  9 hobgoblins
  4 giant newts
  4 kobolds
  4 rats
57 creatures vanquished.

Notes
Turn   | Place    | Note
--------------------------------------------------------------
     0 | D:1      | thrashmonkey the Gargoyle Earth Elementalist began the quest for the Orb.
     0 | D:1      | Reached XP level 1. HP: 10/10 MP: 3/3
   548 | D:1      | Reached XP level 2. HP: 15/15 MP: 1/5
  1330 | D:2      | Reached XP level 3. HP: 19/19 MP: 1/7
  1416 | D:2      | Noticed Natasha
  1775 | D:2      | Noticed Robin
  1788 | D:1      | Killed Robin
  1902 | D:2      | Reached XP level 4. HP: 24/24 MP: 7/9
  2158 | D:2      | Found a faded altar to an unknown god.
  2596 | D:2      | Learned a level 3 spell: Stone Arrow
  2757 | D:1      | Slain by Natasha

Skill      XL: |  1  2  3  4 |
---------------+-------------+-----
Spellcasting   | 3 4 |  4.0
Earth Magic    | 4 |  4.6
Dodging        | |  1.5
Stealth        | |  2.1
Transmutations | |  0.7

Action                   |  1- 3 |  4- 6 || total
-------------------------+-------+-------++-------
Melee: Unarmed           |    29 |       ||    29
 Cast: Sandblast         |    73 |    44 ||   117
  Eat: Chunk             |     3 |     3 ||     6
Armor: Robe              |    41 |    13 ||    54
Dodge: Dodged            |    80 |    11 ||    91
